 Dungeon Crawl Stone Soup version 0.21-a0-221-gfe971b9 (webtiles) character file.

105600 Leszczynek the Grappler (level 15, -1/163 HPs)
             Began as a Troll Skald on Aug 25, 2017.
             Was a High Priest of Makhleb.
             Killed from afar by Arachne (42 damage)
             ... with a bolt of poison
             ... on level 4 of the Spider Nest.
             The game lasted 01:42:28 (16285 turns).

Leszczynek the Grappler (Troll Skald)              Turns: 16285, Time: 01:42:29

Health: -1/163     AC: 13    Str: 30    XL:     15   Next: 95%
Magic:  15/19      EV: 17    Int:  9    God:    Makhleb [*****.]
Gold:   235        SH: 31    Dex: 17    Spells: 2/17 levels left

rFire    . . .     SeeInvis +     - Unarmed
rCold    . . .     Gourm    +   w - +10 large shield of Ignorance {rN+ Int-4}
rNeg     + . .     Faith    .   J - +3 steam dragon scales
rPois    .         Spirit   .   j - +0 hat {MR+}
rElec    .         Reflect  .   (no cloak)
rCorr    .         Harm     .   (gloves unavailable)
MR       ++...                  (boots unavailable)
Stlth    +++.......             (no amulet)
HPRegen  0.77/turn              e - +3 ring of slaying
MPRegen  0.16/turn              E - ring of see invisible

@: mighty, agile, lethally poisoned (-1 -> -19), very slightly contaminated,
slowed, very slow
A: unfitting armour, claws 3, icy blue scales 1, large bone plates 1, agile 1,
fast metabolism 3, gourmand, regeneration 1, robust 1, screaming 2, shaggy fur
1, strong 1, tough skin 2, MP-powered wands
a: Minor Destruction, Lesser Servant of Makhleb, Major Destruction, Greater
Servant of Makhleb, Renounce Religion


You were on level 4 of the Spider Nest.
You worshipped Makhleb.
Makhleb was extremely pleased with you.
You were very full.

You visited 7 branches of the dungeon, and saw 33 of its levels.

You collected 2300 gold pieces.
You spent 2065 gold pieces at shops.

Inventory:

Hand Weapons
 a - a +6 blowgun
Missiles
 f - 26 javelins
 A - 73 tomahawks (quivered)
 F - a throwing net
 K - 7 curare-tipped needles
 P - 34 large rocks
 U - 12 javelins of penetration
 V - 38 poisoned needles
 Y - 19 javelins of returning
Armour
 b - a +0 large shield of reflection
 j - a +0 hat of magic resistance (worn)
 w - the +10 large shield of Ignorance (worn) {rN+ Int-4}
   (You found it on level 9 of the Dungeon)

   It affects your intelligence (-4).
   It protects you from negative energy.
 J - +3 steam dragon scales (worn)
Jewellery
 e - a +3 ring of slaying (left claw)
 E - a ring of see invisible (right claw)
 M - an uncursed ring of protection from magic
 N - an uncursed ring of positive energy
 O - an uncursed ring of ice
Wands
 s - a wand of lightning (3/15)
 u - a wand of digging (3/24)
 v - a wand of confusion (10/48)
 C - a wand of disintegration (10/24)
 G - a wand of paralysis (18/24)
 H - a wand of confusion (25/48)
 X - a wand of enslavement (8/24)
Scrolls
 c - 13 scrolls of remove curse {@r2}
 h - 7 scrolls of teleportation
 k - 5 scrolls of recharging
 l - 2 scrolls of magic mapping
 x - 3 scrolls of immolation {!r}
 y - 3 scrolls of fog
 D - 2 scrolls of fear
 I - a scroll of blinking
 L - 2 scrolls of identify {@r1}
Potions
 g - 4 potions of heal wounds {@q2}
 i - 7 potions of curing {@q1}
 o - 4 potions of mutation {!q}
 r - 3 potions of flight
 t - 2 potions of ambrosia
 B - 2 potions of cancellation
 R - 3 potions of magic
 T - a potion of invisibility
Books
 S - a book of Geomancy

   Spells                             Type                      Level
   a - Sandblast                      Earth                        1
   b - Passwall                       Transmutation/Earth          2
   c - Stone Arrow                    Conjuration/Earth            3
   d - Petrify                        Transmutation/Earth          4
   e - Lee's Rapid Deconstruction     Earth                        5
 W - a book of Transfigurations

   Spells                             Type                      Level
   a - Irradiate                      Conjuration/Transmutation    5
   b - Statue Form                    Transmutation/Earth          6
   c - Hydra Form                     Transmutation                6
   d - Dragon Form                    Transmutation                7
Miscellaneous
 Z - a phial of floods (inert)
Comestibles
 d - 9 bread rations
 p - 34 fruits
 q - 10 meat rations
 z - 6 royal jellies
 Q - 2 chunks of flesh


   Skills:
 - Level 10.0 Fighting
 - Level 8.4 Throwing
 - Level 9.0 Dodging
 - Level 5.0 Shields
 - Level 14.4 Unarmed Combat
 + Level 1.5 Spellcasting
 - Level 2.0 Charms
 - Level 8.3 Transmutations
 - Level 10.0 Earth Magic
 - Level 7.0 Invocations


You had 2 spell levels left.
You knew the following spells:

 Your Spells              Type           Power        Failure   Level  Hunger
c - Song of Slaying       Chrm           #.......     90%         2    ###....
d - Passwall              Tmut/Erth      ###.......   11%         2    ###....
e - Statue Form           Tmut/Erth      ###......    100%        6    #######
q - Regeneration          Chrm/Necr      #.........   99%         3    ####...
B - Blink                 Tloc           N/A          99%         2    ###....


Dungeon Overview and Level Annotations

Branches:
Dungeon (15/15)            Temple (1/1) D:4            Lair (6/6) D:10
 Shoals (4/4) Lair:2       Spider (4/4) Lair:2        Slime (0/5) Lair:6
    Orc (2/2) D:10            Elf (1/3) Orc:2
 Vaults: D:13-14     Depths: D:15

Altars:
Ashenzari
Cheibriados
Dithmenos
Elyvilon
Fedhas
Gozag
Hepliaklqana
Kikubaaqudgha
Makhleb
Okawaru
Ru
Sif Muna
Trog
Uskayaw
Vehumet
Xom
Zin
The Shining One
Beogh
Jiyva

Shops:
D:12 :   D:13 :   D:14 [   Orc:2 [(}:   Shoals:3 *

Annotations:
D:2 Terence
D:9 1 runed door (SHIELD OF IGNORANCE)
D:11 Erolcha
D:12 8h
D:14 vaults?
Lair:1 Gastronok
Lair:2 spider (SE), 6h
Lair:5 7h
Lair:6 1 runed door, one more vault maybe
Shoals:4 open vaults, Ilsuiw
Spider:3 1 transporter (ZOT)
Spider:4 Arachne


Innate Abilities, Weirdness & Mutations

You are too large for most types of armour.
You have claws for hands.
Your metabolism is lightning-fast.
You like to eat raw meat.
Your natural rate of healing is unusually fast.
You are covered in fur. (AC +1)
You have very tough skin. (AC +2)
You are partially covered in icy blue scales. (AC +2)
You are partially covered in large bone plates. (SH +4)
You are agile. (Dex +2)
You are robust. (+10% HP)
You sometimes yell uncontrollably at your foes.
Your muscles are strong. (Str +2)
You expend magic power (3 MP) to strengthen your wands.


Message History

Unknown command.
You feel very mighty all of a sudden.
You flicker back into view.
You feel sick.
Arachne hits you with a staff of poison!!
* * * LOW HITPOINT WARNING * * *
You are more poisoned.
You block Arachne's attack.
Unknown command.
You feel much better.
You feel sick. Arachne misses you. You block Arachne's attack.
Unknown command.
Okay, then.
Press: ? - help, v - describe, . - travel
Here: Arachne, wielding a staff of poison (unusually strong, clinging)
The floor.
You feel much better.
You feel sick. You block Arachne's attack.
Arachne stares at you and mumbles some strange words.
The bolt of poison hits you!
You are more poisoned.
You die...

## #.# #.# ############# #.#
^..E≈≈s.^...## #.#
..H.ss§..EH..###.#
..s^######..y##H##
''s##**,,##..#.#@#
...s,,*,,,##Ey###.#
(..,,,**,,,##y.# #.# ###
s..,,,,**,,,##.# #.# ##.##
...,*,,,**,,*#.## #.# ##...#
^..***,,,*,,*#..#####.######...^#
...,*,,,,,,,*##.....^.....^..#.^.
,,,,,,,,,,,,**############.^###.^
,,,,,,,,,,,,,* ##..##..


You could see Arachne.

Vanquished Creatures
  An orc warlord (Orc:2)
  An emperor scorpion (Spider:3)
  A ghost moth (Spider:4)
  3 merfolk javelineers
  The ghost of Leszczynek the Grappler, a journeyman TrSk of Makhleb (D:12)
  A merfolk impaler (Shoals:1)
  3 hydras
  Fannar (D:11)
  A merfolk avatar (Shoals:3)
  2 catoblepae
  3 centaur warriors
  2 two-headed ogres
  3 satyrs
  An orc high priest (Orc:2)
  2 death yaks
  Sonja (Lair:4)
  2 skeletal warriors
  3 unseen horrors
  4 sea snakes
  4 orange crystal statues (D:9)
  A phantasmal warrior (D:15)
  11 harpies
  The ghost of Tungsten the Ogre Mage, a novice OgEE (D:5)
  An orc knight (Orc:2)
  3 ugly things
  9 fauns (Shoals:2)
  4 orc sorcerers (Orc:2)
  5 wolf spiders
  6 orb spiders
  7 manticores
  9 cyclopes
  A guardian serpent (Lair:6)
  3 centaur zombies
  11 black mambas
  5 water nymphs
  6 merfolk sirens
  10 spiny frogs
  A gargoyle (D:14)
  6 komodo dragons
  A torpor snail (Lair:2)
  A rime drake (Lair:4)
  3 demonic crawlers
  A guardian mummy (D:13)
  3 tengu conjurers
  5 trolls
  2 wind drakes
  15 merfolk
  5 jumping spiders
  5 polar bears
  3 hornets (Lair:6)
  5 blink frogs
  10 hippogriffs
  3 snapping turtles (Shoals:1)
  A meliai zombie (D:13)
  10 dream sheep
  4 water elementals
  10 redbacks
  42 yaks
  10 wyverns
  2 tarantellas
  A yak (shapeshifter) (D:12)
  A vampire (D:9)
  2 vampire mosquitoes (D:11)
  A steam dragon (Lair:3)
  A basilisk (D:10)
  Grum (Lair:1)
  5 hungry ghosts
  A warg (Orc:2)
  Edmund (D:4)
  Menkaure (D:6)
  A soldier ant (D:14)
  20 water moccasins
  7 porcupines
  2 sky beasts
  2 ice beasts (D:10)
  29 orc warriors
  5 black bears
  2 necrophages
  7 ogres
  21 wolves
  8 centaurs
  A phantom (D:7)
  9 crocodiles
  2 big kobolds
  9 bullfrogs
  3 scorpions
  9 killer bees
  An electric eel (D:13)
  7 wights
  7 howler monkeys
  9 crimson imps
  16 orc priests
  A quasit (D:9)
  3 bullfrog zombies (D:13)
  4 hounds
  A jelly (D:12)
  16 orc wizards
  3 centaur skeletons
  2 bullfrog skeletons
  Jessica (D:3)
  6 iguanas
  8 worker ants
  3 hell rats (Lair:5)
  A hound zombie (D:11)
  3 mummies (D:13)
  2 worker ant zombies
  8 adders
  An ooze (D:1)
  3 adder skeletons
  2 dart slugs
  A leopard gecko (D:3)
  68 orcs
  2 bats (D:2)
  2 giant cockroaches
  2 goblins (D:2)
  3 hobgoblins
  2 quokkas
  A frilled lizard (D:5)
  A jackal zombie (D:6)
  12 kobolds
  A leopard gecko zombie (D:5)
  2 quokka zombies
  2 rats
  A plant (Shoals:4)
641 creatures vanquished.

Vanquished Creatures (collateral kills)
  An orc warlord (Orc:2)
  A ghoul (D:12)
  2 hydras
  A satyr (Shoals:2)
  2 ugly things (D:14)
  A wolf spider (Lair:6)
  A black mamba (Lair:6)
  2 spiny frogs (Lair:6)
  A komodo dragon (Lair:3)
  2 redbacks (Lair:6)
  A wyvern (Lair:6)
  A yak (Lair:5)
  3 water moccasins (Lair:6)
  An orc warrior (Orc:2)
  An ogre (Orc:2)
  2 centaurs (D:15)
  A killer bee (D:10)
  An orc priest (Orc:2)
  2 orc wizards
  3 hell rats (Lair:5)
  11 orcs
  A bush (Lair:6)
  2 fungi
44 creatures vanquished.

Vanquished Creatures (others)
  A sky beast (D:12)
  12 fungi
  35 plants
48 creatures vanquished.

Grand Total: 733 creatures vanquished

Notes
Turn   | Place    | Note
-------+----------+-------------------------------------------
     0 | D:1      | Leszczynek the Troll Skald began the quest for the Orb.
     0 | D:1      | Reached XP level 1. HP: 19/19 MP: 1/1
    67 | D:2      | Noticed Terence
    92 | D:2      | Reached XP level 2. HP: 27/27 MP: 2/2
    96 | D:2      | Learned a level 2 spell: Shroud of Golubria
   110 | D:2      | Reached skill level 3 in Unarmed Combat
   146 | D:2      | Reached XP level 3. HP: 16/33 MP: 3/3
   251 | D:3      | Noticed Jessica
   257 | D:3      | Killed Jessica
   257 | D:3      | Reached skill level 4 in Unarmed Combat
   282 | D:2      | Reached XP level 4. HP: 41/41 MP: 4/4
   454 | D:4      | Reached skill level 5 in Unarmed Combat
   454 | D:4      | Reached XP level 5. HP: 47/48 MP: 5/5
   486 | D:3      | Learned a level 2 spell: Blink
   517 | D:4      | Noticed a centaur
   523 | D:4      | Killed a centaur
   523 | D:4      | Reached skill level 6 in Unarmed Combat
   556 | D:5      | Entered Level 5 of the Dungeon
   690 | D:5      | Noticed a two-headed ogre
   691 | D:5      | this time it's a tow headed ogre on d:5
   691 | D:5      | next time d:4 please
   840 | D:4      | Found a staircase to the Ecumenical Temple.
   849 | Temple   | Entered the Ecumenical Temple
   939 | Temple   | Became a worshipper of Makhleb the Destroyer
  1003 | D:4      | Reached XP level 6. HP: 47/55 MP: 6/6
  1139 | D:4      | Noticed Edmund
  1146 | D:4      | Killed Edmund
  1146 | D:4      | Reached skill level 7 in Unarmed Combat
  1217 | D:5      | Found a hide-covered altar of Uskayaw.
  1387 | D:5      | Reached XP level 7. HP: 48/62 MP: 7/7
  1391 | D:5      | Learned a level 2 spell: Song of Slaying
  1403 | D:5      | Noticed Tungsten's ghost (novice OgEE)
  1467 | D:5      | Killed Tungsten's ghost
  1467 | D:5      | Reached skill level 9 in Unarmed Combat
  1551 | D:5      | Reached skill level 2 in Dodging
  1584 | D:6      | Noticed Menkaure
  1620 | D:6      | Killed Menkaure
  1620 | D:6      | Reached skill level 2 in Fighting
  1620 | D:6      | Reached XP level 8. HP: 74/74 MP: 5/8
  1741 | D:7      | Reached skill level 3 in Fighting
  1770 | D:7      | Found an opulent altar of Gozag.
  1776 | D:7      | Reached skill level 3 in Dodging
  1904 | D:8      | Reached skill level 4 in Fighting
  2045 | D:8      | Reached * piety under Makhleb
  2072 | D:8      | Reached skill level 5 in Fighting
  2200 | D:9      | Reached skill level 4 in Dodging
  2200 | D:9      | Reached XP level 9. HP: 69/88 MP: 9/9
  2287 | D:10     | Entered Level 10 of the Dungeon
  2316 | D:9      | Reached skill level 6 in Fighting
  2346 | D:9      | Found a runed door.
  2368 | D:9      | Found the +10 large shield of Ignorance {rN+ Int-4}
  2369 | D:9      | hmmmmmmmm
  2369 | D:9      | shield of ignorance
  2369 | D:9      | it has int-4 tho
  2373 | D:9      | Found a runed door.
  2386 | D:9      | Found Liamieh's Distillery.
  2404 | D:9      | Bought a potion of heal wounds for 75 gold pieces
  2404 | D:9      | Bought a potion of haste for 150 gold pieces
  2404 | D:9      | Bought a potion of degeneration for 15 gold pieces
  2656 | D:10     | Reached skill level 7 in Fighting
  2656 | D:10     | Reached skill level 5 in Dodging
  2841 | D:10     | Noticed a two-headed ogre
  2851 | D:10     | Killed a two-headed ogre
  2851 | D:10     | Reached ** piety under Makhleb
  2851 | D:10     | Reached skill level 8 in Fighting
  2851 | D:10     | Reached XP level 10. HP: 36/104 MP: 3/10
  2926 | D:10     | Reached skill level 1 in Invocations
  2938 | D:10     | Found a staircase to the Lair.
  3067 | D:9      | Bought 2 potions of agility for 120 gold pieces
  3158 | D:10     | Reached skill level 2 in Invocations
  3222 | D:10     | Reached skill level 10 in Unarmed Combat
  3276 | D:10     | Reached skill level 3 in Invocations
  3453 | D:11     | Reached skill level 4 in Invocations
  3484 | D:11     | Noticed a brown ugly thing
  3497 | D:11     | Killed a brown ugly thing
  3564 | D:12     | Reached skill level 11 in Unarmed Combat
  3564 | D:12     | Reached skill level 5 in Invocations
  3662 | D:12     | Found Zoyh's Book Boutique.
  3704 | D:12     | Noticed Leszczynek's ghost (journeyman TrSk)
  3795 | D:12     | Noticed an eight-headed hydra
  3968 | D:12     | Reached XP level 11. HP: 82/111 MP: 14/14
  3972 | D:12     | Noticed a centaur warrior
  3972 | D:12     | Noticed a six-headed hydra
  3995 | D:13     | Found Gion Fouc's Book Boutique.
  4001 | D:13     | Noticed a skeletal warrior
  4032 | D:12     | Killed a centaur warrior
  4032 | D:12     | Reached skill level 6 in Invocations
  4084 | D:12     | HP: 21/111 [something (5)]
  4089 | D:12     | Killed an unseen horror
  4164 | D:12     | Reached *** piety under Makhleb
  4177 | D:12     | oh
  4248 | D:11     | Killed a six-headed hydra
  4357 | Lair:1   | Entered Level 1 of the Lair of Beasts
  4683 | Lair:1   | Reached skill level 12 in Unarmed Combat
  4683 | Lair:1   | Reached skill level 7 in Invocations
  4801 | Lair:1   | Noticed Gastronok
  4889 | Lair:1   | Reached skill level 6 in Dodging
  4983 | Lair:1   | Noticed Grum
  4988 | Lair:1   | Killed Grum
  5054 | Lair:2   | Noticed a six-headed hydra
  5143 | Lair:1   | Noticed a catoblepas
  5183 | Lair:1   | Killed a catoblepas
  5293 | Lair:2   | Found a staircase to the Shoals.
  5344 | Lair:2   | Reached skill level 13 in Unarmed Combat
  5363 | Lair:2   | Reached XP level 12. HP: 71/122 MP: 16/16
  5656 | Lair:2   | any stairs that aren't next to a fucking hydra?
  5656 | Lair:2   | hello?
  5656 | Lair:2   | it's been a really long while since i've had this kind of fun rng on layouts
  5940 | Lair:3   | Reached skill level 7 in Dodging
  5947 | Lair:3   | Noticed a catoblepas
  6038 | Lair:3   | Reached skill level 9 in Fighting
  6083 | Lair:3   | Noticed a catoblepas
  6084 | Lair:3   | maybe 5 more
  6084 | Lair:3   | please
  6084 | Lair:3   | i didn't have enough yet
  6096 | Lair:3   | Killed a catoblepas
  6261 | Lair:4   | Noticed Sonja
  6265 | Lair:4   | Killed Sonja
  6265 | Lair:4   | Reached **** piety under Makhleb
  6265 | Lair:4   | Reached skill level 14 in Unarmed Combat
  6270 | Lair:4   | might as well train throwing since there's nothing else
  6283 | Lair:6   | Entered Level 6 of the Lair of Beasts
  6312 | Lair:6   | Reached skill level 1 in Throwing
  6360 | Lair:5   | Noticed a seven-headed hydra
  6408 | Lair:6   | Got a steaming hunting sling
  6409 | Lair:6   | Identified the +4 hunting sling of Pride {speed, Dex+6} (You found it on level 6 of the Lair of Beasts)
  6410 | Lair:6   | hm
  6438 | Lair:6   | Reached skill level 2 in Throwing
  6443 | Lair:6   | HP: 22/123 [water moccasin (7)]
  6448 | Lair:6   | HP: 23/124 [poisoned by a black mamba]
  6562 | Lair:6   | Found a runed door.
  6562 | Lair:6   | Found a viscous altar of Jiyva.
  6562 | Lair:6   | Noticed an acid blob
  6563 | Lair:6   | Found a staircase to the Slime Pits.
  6563 | Lair:6   | Noticed an acid blob
  6634 | Lair:6   | Reached skill level 3 in Throwing
  6846 | Lair:6   | Reached skill level 4 in Throwing
  6857 | Lair:6   | Reached skill level 8 in Dodging
  6861 | Lair:6   | Reached XP level 13. HP: 108/131 MP: 17/17
  7011 | Lair:6   | Reached skill level 5 in Throwing
  7224 | Lair:6   | Paralysed by a hornet for 3 turns
  7283 | Lair:6   | Reached skill level 6 in Throwing
  7422 | Lair:4   | Reached skill level 10 in Fighting
  7600 | Lair:3   | Reached ***** piety under Makhleb
  7812 | D:11     | Noticed Fannar
  7813 | D:11     | Reached skill level 7 in Throwing
  7827 | D:11     | Killed Fannar
  7915 | D:11     | Reached skill level 9 in Dodging
  7924 | D:11     | Gained mutation: You are agile. (Dex +2) [mutagenic meat]
  7925 | D:11     | Gained mutation: You expend magic power (3 MP) to strengthen your wands. [mutagenic meat]
  7926 | D:11     | Gained mutation: You occasionally shout uncontrollably at your foes. [mutagenic meat]
  7927 | D:11     | Gained mutation: Your muscles are strong. (Str +2) [mutagenic meat]
  7928 | D:11     | Gained mutation: You sometimes yell uncontrollably at your foes. [mutagenic meat]
  7983 | D:11     | Noticed Erolcha
  8161 | D:12     | Gained mutation: You are partially covered in icy blue scales. (AC +2) [mutagenic meat]
  8162 | D:12     | Gained mutation: You are robust. (+10% HP) [mutagenic meat]
  8164 | D:12     | Gained mutation: You are partially covered in large bone plates. (SH +4) [mutagenic meat]
  8414 | D:14     | Reached skill level 8 in Throwing
  8474 | D:14     | Found Guptox's Armour Shop.
  8571 | D:15     | Entered Level 15 of the Dungeon
  8638 | D:15     | Learned a level 2 spell: Passwall
  8690 | D:15     | Reached skill level 1 in Transmutations
  8690 | D:15     | Reached skill level 1 in Earth Magic
  8764 | D:14     | Reached XP level 14. HP: 157/157 MP: 18/18
  8859 | D:12     | Reached skill level 2 in Earth Magic
  8943 | D:12     | Killed Leszczynek's ghost
  8943 | D:12     | Reached skill level 2 in Transmutations
  9601 | D:9      | it's one of THOSE games
  9806 | D:9      | one of those fucking games
  9880 | D:10     | Found a staircase to the Orcish Mines.
  9927 | D:10     | here it is
  9930 | Orc:1    | Entered Level 1 of the Orcish Mines
 10153 | Orc:2    | Entered Level 2 of the Orcish Mines
 10174 | Orc:2    | Found a roughly hewn altar of Beogh.
 10187 | Orc:2    | Reached skill level 3 in Earth Magic
 10213 | Orc:2    | Found a staircase to the Elven Halls.
 10261 | Orc:2    | Noticed an orc warlord
 10291 | Orc:2    | Killed an orc warlord
 10488 | Orc:2    | Reached skill level 3 in Transmutations
 10576 | Orc:2    | Found a roughly hewn altar of Beogh.
 10628 | Orc:2    | Found a roughly hewn altar of Beogh.
 10716 | Orc:2    | Found Dabuestre's Book Emporium.
 10867 | Orc:2    | Reached skill level 4 in Earth Magic
 10900 | Orc:2    | Found a roughly hewn altar of Beogh.
 10900 | Orc:2    | Found Coun's Gadget Shoppe.
 10989 | Orc:2    | Noticed an orc warlord
 11103 | Orc:2    | Killed an orc warlord
 11381 | Orc:2    | Reached skill level 4 in Transmutations
 11489 | Orc:2    | Reached skill level 5 in Earth Magic
 11508 | Orc:2    | Found Toasul's Antique Weapon Shoppe.
 11514 | Orc:2    | Found a roughly hewn altar of Beogh.
 11517 | Orc:2    | Found Omnociek's Antique Armour Emporium.
 11528 | Orc:2    | 12/14/4 no rPois
 11528 | Orc:2    | dis gon b gud
 11636 | Elf:1    | Entered Level 1 of the Elven Halls
 11637 | Elf:1    | no
 11771 | D:9      | Bought 2 potions of heal wounds for 150 gold pieces
 11771 | D:9      | Bought 2 potions of mutation for 240 gold pieces
 11771 | D:9      | Bought a potion of invisibility for 120 gold pieces
 11771 | D:9      | Bought a potion of mutation for 120 gold pieces
 11771 | D:9      | Bought 2 potions of flight for 90 gold pieces
 11895 | D:13     | Noticed a ghoul
 11896 | D:13     | Noticed a ghoul
 11896 | D:13     | ghouls?
 11896 | D:13     | here?
 11896 | D:13     | what?
 11896 | D:13     | come on
 11915 | D:12     | Killed a ghoul
 12128 | D:12     | Reached skill level 5 in Transmutations
 12128 | D:12     | Reached skill level 6 in Earth Magic
 12226 | D:13     | Noticed a ghoul
 12322 | D:13     | Bought a book of Transfigurations for 825 gold pieces
 12330 | D:13     | Learned a level 6 spell: Statue Form
 12635 | D:14     | Learned a level 3 spell: Regeneration
 12637 | D:14     | Identified 2 scrolls of acquirement
 12656 | D:14     | large shield
 12656 | D:14     | okay
 12656 | D:14     | great
 12656 | D:14     | normal one please?
 13298 | Lair:2   | Reached skill level 7 in Earth Magic
 13316 | Shoals:1 | Entered Level 1 of the Shoals
 13528 | Shoals:2 | Reached skill level 6 in Transmutations
 13773 | Shoals:2 | Reached XP level 15. HP: 163/163 MP: 19/19
 13894 | Shoals:2 | i'm not sure
 13894 | Shoals:2 | is this better or worse
 13894 | Shoals:2 | 13/14/0 or 13/9/26 with full large shield penalty to melee
 13911 | Shoals:3 | Reached skill level 8 in Earth Magic
 13952 | Shoals:3 | i'll put 4 or 5 levels into shields and it should be fine (?)
 14043 | Shoals:3 | Reached skill level 1 in Shields
 14106 | Shoals:3 | oh shit
 14133 | Shoals:2 | Reached skill level 2 in Shields
 14167 | Shoals:2 | Reached skill level 3 in Shields
 14424 | Shoals:2 | Reached skill level 4 in Shields
 14609 | Shoals:2 | Reached skill level 5 in Shields
 14614 | Shoals:2 | ok, that's enough, back to statue training
 14628 | Shoals:2 | 13/11/29
 14792 | Shoals:3 | Reached skill level 7 in Transmutations
 14892 | Shoals:3 | Found Wageajo's General Store.
 14906 | Shoals:3 | Bought a potion of mutation for 128 gold pieces
 14906 | Shoals:3 | Bought a scroll of fog for 32 gold pieces
 14935 | Shoals:4 | Entered Level 4 of the Shoals
 14963 | Shoals:4 | Noticed Ilsuiw
 15173 | Shoals:4 | open vaults
 15173 | Shoals:4 | that's a big nope
 15205 | Shoals:3 | Reached skill level 9 in Earth Magic
 15433 | Lair:2   | spider with no rpois
 15433 | Lair:2   | oh boyyyyyyyyyy
 15458 | Lair:2   | Found a hole to the Spider Nest.
 15479 | Spider:1 | Entered Level 1 of the Spider Nest
 15516 | Spider:2 | Reached ****** piety under Makhleb
 15559 | Spider:3 | Found a transporter.
 15560 | Spider:3 | aaand a semi open layout
 15577 | Spider:3 | lol
 15577 | Spider:3 | zot transporter vault
 15637 | Spider:4 | Entered Level 4 of the Spider Nest
 15692 | Spider:3 | Reached skill level 8 in Transmutations
 16103 | Spider:4 | Noticed a ghost moth
 16105 | Spider:4 | oh, it's this one
 16126 | Spider:4 | Killed a ghost moth
 16146 | Spider:4 | Reached skill level 10 in Earth Magic
 16184 | Spider:4 | statue at 67
 16184 | Spider:4 | without the shield ofc
 16263 | Spider:4 | Noticed Arachne
 16265 | Spider:4 | Paralysed by a hornet for 3 turns
 16282 | Spider:4 | HP: 32/163 [Arachne/staff of poison (31)]
 16283 | Spider:4 | HP: 4/163 [Arachne/staff of poison (27)]
 16285 | Spider:4 | Killed from afar by Arachne

Vault maps used:
D:1:      lemuel_arrival_river_bridge
D:2:      uniq_terence
D:3:      first_bread, uniq_jessica
D:4:      minmay_temple_entry_trees, uniq_edmund, uniq_purgy
D:5:      nicolae_overflow_hidden_temple, st_stairs_14
D:6:      lemuel_zombie_altar_yredelemnul, kennysheep_mini, uniq_menkaure
D:7:      nemelex_xobeh_ov_fountains_minmay,
          nicolae_gozag_cash_rules_everything_around_me
D:8:      kennysheep_little_box, basic_altar, hangedman_decor_growths,
          grunt_livestock
D:9:      serial_shops, nicolae_shop_stone, chequers_guarded_unrand_ignorance
D:10:     minmay_lair_entry_grove, kennysheep_generic_room_6
D:11:     kb_rosetta, uniq_erolcha, uniq_fannar, uniq_josephine
D:12:     serial_shops, shop
D:13:     argonaut_augean_stables, lab_entry_generic, serial_shops, shop,
          serial_undead, serial_undead_f, serial_undead_c, serial_undead_f,
          serial_undead_d, serial_undead_f, serial_undead_e
D:14:     david_vaults_4, serial_shops, shop_fountains
D:15:     grunt_enter_depths_hoard, basic_altar, minmay_stone_trees_small
Temple:   regret_index_temple_sphere_string
Lair:1:   beast_lair_carwin_large_2, grunt_megastairs_1, serial_bayou_shore_b,
          uniq_gastronok, uniq_grum
Lair:2:   shoals_dummy_entry, spider_nest_entry_rubble,
          portal_ice_cave_entry_pillars_2, minmay_lair_oklob_chamber,
          grunt_megastairs_3, lemuel_fruit_fields, serial_bayou_shore_b,
          lemuel_fruit_fields
Lair:3:   beast_lair_carwin_large_4, special_room, minmay_hedge_maze
Lair:4:   beast_lair_carwin_10, grunt_megastairs_2, infiniplex_staircase_pool,
          uniq_urug, uniq_sonja
Lair:5:   nicolae_lair_grove_arrangements, minmay_lair_drake_nest, uniq_rupert
Lair:6:   wormcave, hangedman_lair_tendril_chambers, slime_altar_2,
          grunt_megastairs_4
Shoals:1: uniq_frances, uniq_roxanne
Shoals:2: nicolae_shoals_square_sea_wall, st_cyclops
Shoals:3: serial_shops, shop
Shoals:4: shoals_end_grunt_garden, shoals_ilsuiw_ice
Spider:1: uniq_agnes
Spider:2: uniq_nikola
Spider:3: gammafunk_its_a_trap, nicolae_spider_cling_halls
Spider:4: johnstein_spider_rune_arachne_lair
Orc:1:    serial_shops
Orc:2:    grunt_orc_community_town_hall, grunt_orc_community_big_house_1,
          grunt_orc_community_big_house_1, grunt_orc_community_house_1,
          grunt_orc_community_house_1, grunt_orc_community_house_1,
          grunt_orc_community_house_3
Elf:1:    eino_elf_arrival_sip, basic_altar, serial_shops, shop,
          minmay_elf_necromancy, uniq_azrael

Skill      XL: |  1  2  3  4  5  6  7  8  9 10 11 12 13 14 15 |
---------------+----------------------------------------------+-----
Unarmed Combat | 3 4 5 6 7 9 11 13 14 | 14.4
Dodging        | 2 4 5 6 8 9 |  9.0
Fighting       | 2 5 8 9 10 | 10.0
Invocations    | 5 7 |  7.0
Throwing       | 4 8 |  8.4
Transmutations | 1 6 8 |  8.3
Earth Magic    | 1 7 10 | 10.0
Shields        | 5 |  5.0
Spellcasting   | |  1.5
Charms         | |  2.0

Action                   |  1- 3 |  4- 6 |  7- 9 | 10-12 | 13-15 || total
-------------------------+-------+-------+-------+-------+-------++-------
Melee: Unarmed           |    42 |    73 |   192 |   536 |  1427 ||  2270
       Punch             |       |     2 |    10 |    32 |    72 ||   116
Throw: Javelin           |       |     1 |     3 |     5 |    10 ||    19
       Large rock        |       |       |       |       |    13 ||    13
       Tomahawk          |       |       |       |       |    42 ||    42
 Cast: Shroud of Golubri |       |     2 |     5 |     5 |     4 ||    16
Invok: Minor Destruction |       |       |       |    17 |    39 ||    56
       Lesser Servant of |       |       |       |     9 |    39 ||    48
Evoke: Wand              |       |       |       |     2 |    10 ||    12
       Phial of floods   |       |       |       |       |     1 ||     1
  Use: Scroll            |       |       |     4 |     9 |    23 ||    36
       Potion            |       |       |       |     6 |    15 ||    21
 Stab: Sleeping          |       |       |     1 |       |     1 ||     2
       Distracted        |       |       |       |     1 |     7 ||     8
       Invisible         |       |       |       |       |     4 ||     4
  Eat: Chunk             |     5 |    11 |    20 |    48 |   104 ||   188
       Royal jelly       |       |       |       |     1 |       ||     1
Armor: Robe              |    19 |    17 |    34 |    73 |       ||   143
       Steam dragon scal |       |       |       |    34 |   334 ||   368
       Skin              |       |       |       |       |     8 ||     8
Dodge: Dodged            |    26 |    42 |    76 |   289 |   605 ||  1038
Block: Other             |       |       |       |       |   101 ||   101
       Large shield      |       |       |       |       |   729 ||   729

Table legend:
 A = Spawn XP
 B = Non-spawn XP
 C = Spawn XP percentage of total XP
 D = Spawn monster count
 E = Non-spawn monster count
 F = Spawn count percentage of total count
 G = Total turns spent on level
                    A         B        C        D         E        F      G
               +---------+---------+-------+---------+---------+-------+---------
         Total |   13940 |  136918 |   9.2 |      66 |     615 |   9.7 | 16285
               +---------+---------+-------+---------+---------+-------+---------
           D:1 |       0 |      12 |   0.0 |       0 |       4 |   0.0 |    78
           D:2 |       0 |      59 |   0.0 |       0 |      13 |   0.0 |   257
           D:3 |       0 |      63 |   0.0 |       0 |       8 |   0.0 |   140
           D:4 |      42 |     486 |   8.0 |       1 |       8 |  11.1 |   360
           D:5 |       1 |     738 |   0.1 |       1 |       6 |  14.3 |   627
           D:6 |       0 |     278 |   0.0 |       0 |       3 |   0.0 |   158
           D:7 |       0 |     503 |   0.0 |       0 |       9 |   0.0 |   188
           D:8 |      46 |     551 |   7.7 |       2 |      12 |  14.3 |   301
           D:9 |     122 |    3893 |   3.0 |       3 |      26 |  10.3 |  1367
          D:10 |    1475 |    4609 |  24.2 |      16 |      47 |  25.4 |  1421
          D:11 |       0 |    6338 |   0.0 |       0 |      30 |   0.0 |   850
          D:12 |    1421 |    8657 |  14.1 |       7 |      24 |  22.6 |   941
          D:13 |      85 |    7593 |   1.1 |       3 |      35 |   7.9 |   733
          D:14 |    1054 |    4237 |  19.9 |       2 |      13 |  13.3 |   662
          D:15 |       0 |    2699 |   0.0 |       0 |       9 |   0.0 |   111
        Lair:1 |     900 |    6185 |  12.7 |       1 |      29 |   3.3 |   783
        Lair:2 |     270 |    5713 |   4.5 |       1 |      26 |   3.7 |   716
        Lair:3 |     218 |    4395 |   4.7 |       1 |      21 |   4.5 |   467
        Lair:4 |     264 |    3958 |   6.3 |       1 |      16 |   5.9 |   232
        Lair:5 |       0 |    1099 |   0.0 |       0 |      10 |   0.0 |    85
        Lair:6 |     262 |   14849 |   1.7 |       1 |      63 |   1.6 |  1012
      Shoals:1 |    3201 |    3105 |  50.8 |       5 |       8 |  38.5 |   381
      Shoals:2 |     437 |   19641 |   2.2 |       1 |      41 |   2.4 |   935
      Shoals:3 |     834 |   13425 |   5.8 |       1 |      26 |   3.7 |   727
      Shoals:4 |       0 |    1386 |   0.0 |       0 |       3 |   0.0 |    73
      Spider:1 |       0 |    1106 |   0.0 |       0 |       3 |   0.0 |    21
      Spider:2 |       0 |    1142 |   0.0 |       0 |       3 |   0.0 |   162
      Spider:3 |    1393 |    5016 |  21.7 |       1 |      14 |   6.7 |   290
      Spider:4 |       0 |    5309 |   0.0 |       0 |      10 |   0.0 |   333
         Orc:1 |       0 |     353 |   0.0 |       0 |       3 |   0.0 |   243
         Orc:2 |    1915 |    9520 |  16.7 |      18 |      92 |  16.4 |  1513
               +---------+---------+-------+---------+---------+-------+---------
